 Dungeon Crawl Stone Soup version 0.32-a0-41-gec2d92a32c (webtiles) character file.

Game seed: 1802439062635568764

301 Newt the Ruffian (level 6, -7/41 HPs)
             Began as an Octopode Shapeshifter on Jan 25, 2024.
             Mangled by Duvessa
             ... wielding a +3 rapier of freezing
              (8 damage)
             ... on level 4 of the Dungeon.
             The game lasted 00:03:02 (2456 turns).

Newt the Ruffian (Octopode Shapeshifter)            Turns: 2456, Time: 00:03:02

Health: -7/41      AC:  1    Str: 14    XL:     6   Next: 37%
Magic:  6/6        EV: 13    Int: 12    God:
Gold:   284        SH:  0    Dex: 13    Spells: 5/5 levels left

rFire   . .          .
                       - Unarmed
rCold   . . .        (no shield)
rNeg    . . .        (helmet currently unavailable)
rPois   .            (no amulet)
rElec   .            j - ring of flight
rCorr   .            (no ring)
SInv    .            (no ring)
Will    .....        (no ring)
Stlth   ++           (no ring)
HPRegen 0.26/turn    (no ring)
MPRegen 0.10/turn    (no ring)
                     (no ring)

%: no passive effects
@: mighty, beast-form, flying
A: beast (slay +2), almost no armour, amphibious, 8 rings, camouflage 1,
gelatinous body 1, (nimble swimmer 1), tentacles
a: Begin Untransformation


You were on level 4 of the Dungeon.
You were a hulking beast.
You visited 1 branch of the dungeon, and saw 4 of its levels.

You collected 284 gold pieces.

Inventory:

Jewellery
 j - a ring of flight (left tentacle)
Talismans
 b - a beast talisman
 c - a flux talisman
Scrolls
 e - a scroll of silence
 l - a scroll of noise
 m - 2 scrolls of enchant armour
Potions
 a - a potion of lignification
 d - a potion of cancellation
 f - a potion of curing
 g - 3 potions of haste
 h - a potion of might
 i - a potion of invisibility
 k - a potion of heal wounds {unknown}


   Skills:
 + Level 2.8 Fighting
 - Level 2.0 Dodging
 * Level 4.9 Unarmed Combat
 * Level 4.6 Shapeshifting


You had 5 spell levels left.
You didn't know any spells.
Your spell library contained the following spells:

 Spells                   Type           Power      Damage    Failure   Level
 Hailstorm                Conj/Ice       0%         3d5       69%         3
 Summon Ice Beast         Ice/Summ       0%         N/A       69%         3
 Sculpt Simulacrum        Ice/Alch       0%         N/A       100%        6


Dungeon Overview and Level Annotations

Branches:
Dungeon (4/15)
 Temple: D:4-7

Altars:

Shops:
D:1 (   D:3 =

Annotations:
D:4 Dowan, Duvessa


Innate Abilities, Weirdness & Mutations

You are a hulking beast.
Your limbs bulge with bestial killing power. (Slay +2)
You cannot wear most types of armour.
You are amphibious.
You can wear up to eight rings at the same time.
Your skin changes colour to match your surroundings (Stealth+).
Your rubbery body absorbs attacks. (AC +1, EV +1)
((You are camouflaged when in or above water. (Stealth+)))
You have tentacles for arms and can constrict up to eight enemies at once.


Message History

You now have 255 gold pieces (gained 10).
Found a glowing leather armour.
f - 2 potions of curing (gained 1)
You pick up a book of the Tundra and begin reading...
You add the spells Hailstorm, Summon Ice Beast and Sculpt Simulacrum to your library.
You now have enough gold to buy a ring of poison resistance on D:3.
You can access your shopping list by pressing '$'.
You now have 263 gold pieces (gained 8).
No target in view!
No target in view!
You now have 271 gold pieces (gained 8).
Found a club.
Duvessa, Sister of Dowan comes into view.
She is wielding a +3 rapier of freezing.
An endoplasm comes into view.
Dowan, Brother of Duvessa comes into view.
He is wielding a +0 dagger.
Found a war axe.
Duvessa shouts!
You see here 13 gold pieces.
You now have 284 gold pieces (gained 13).
The endoplasm quivers.
You feel very mighty all of a sudden.
You barely miss Duvessa. Your grab misses Duvessa. You squeeze Duvessa.
Duvessa is lightly wounded.
You bludgeon Duvessa! You grab Duvessa.
Duvessa is moderately wounded.
You constrict Duvessa, but do no damage.
Duvessa hits you with a +3 rapier of freezing!
Duvessa freezes you.
You tentacle-slap Duvessa.
Duvessa is heavily wounded.
You constrict Duvessa.
Duvessa hits you with a +3 rapier of freezing!
Duvessa freezes you.
* * * LOW HITPOINT WARNING * * *
You feel better.
You constrict Duvessa, but do no damage.
Duvessa hits you with a +3 rapier of freezing!
* * * LOW HITPOINT WARNING * * *
Duvessa freezes you!
You die...

...................
.......J...........
..................
..........e.e.###
............#.#
.......####...#
....)## ###J# .....
#e# .....#### #h# ##
....####.#######
................
........########
........#....#
........#....#
........#....# #..
##......#....####..#
........#..........#


You could see Duvessa, Dowan (wandering) and an endoplasm.

Vanquished Creatures
  A scorpion (D:4)
  A hound (D:4)
  A sleepcap (D:4)
  Natasha (twice) (D:2)
  An iguana (D:4)
  4 adders
  2 ribbon worms
  2 dart slugs (D:3)
  8 ball pythons
  7 bats
  3 endoplasms
  4 giant cockroaches
  5 goblins
  6 hobgoblins
  2 quokkas
  4 frilled lizards
  9 kobolds
  6 rats
68 creatures vanquished.

Notes
Turn   | Place    | Note
-------+----------+-------------------------------------------
     0 | D:1      | Newt the Octopode Shapeshifter began the quest for the Orb.
     0 | D:1      | Reached XP level 1. HP: 13/13 MP: 1/1
    41 | D:1      | Reached XP level 2. HP: 18/18 MP: 2/2
   108 | D:1      | Found Veecie's Antique Weapon Boutique.
   358 | D:1      | Found a faded altar of an unknown god.
   369 | D:1      | Reached XP level 3. HP: 23/23 MP: 3/3
   951 | D:2      | Reached XP level 4. HP: 29/29 MP: 4/4
   972 | D:2      | Noticed Natasha
   978 | D:2      | Killed Natasha
  1121 | D:2      | Noticed Natasha
  1124 | D:2      | Killed Natasha
  1125 | D:2      | Reached XP level 5. HP: 31/34 MP: 5/5
  1470 | D:3      | Found Feifug's Jewellery Shoppe.
  2161 | D:4      | Reached XP level 6. HP: 29/41 MP: 6/6
  2437 | D:4      | Noticed Duvessa
  2439 | D:4      | Noticed Dowan
  2456 | D:4      | HP: 1/41 [Duvessa/+3 rapier of freezing (16)]
  2456 | D:4      | Mangled by Duvessa

Illustrated notes

Levels and vault maps discovered:
D:1:      minmay_arrival_loop, layout_rooms, serial_shops, shop,
          nicolae_ecumenical_snake_handling, minmay_pentomino_v2
D:2:      layout_rooms, minmay_goblin_kobold_house, uniq_natasha
D:3:      layout_basic, serial_shops, nicolae_shop_just_a_little_nook
D:4:      layout_basic, kennysheep_crisscross, minmay_starry_boxes,
          uniq_duvessa, uniq_blork_the_orc

Skill      XL: |  1  2  3  4 |
---------------+-------------+-----
Fighting       | 2 |  2.8
Unarmed Combat | 4 |  4.9
Shapeshifting  | 4 |  4.6
Dodging        | |  2.0

Action                     |  1- 3 |  4- 6 || total
---------------------------+-------+-------++-------
  Melee: Unarmed           |    65 |    57 ||   122
         Constrict         |    15 |    16 ||    31
         Tentacles         |    13 |    17 ||    30
         Punch             |     3 |     5 ||     8
    Use: Scroll            |     5 |     7 ||    12
         Potion            |       |     4 ||     4
   Stab: Sleeping          |     6 |     3 ||     9
 Armour: Skin              |    13 |    23 ||    36
  Dodge: Dodged            |    29 |    28 ||    57

Table legend: (Time is in decaauts)
 A = Elapsed time spent in this place.
 B = Non-inter-level travel time spent in this place.
 C = Inter-level travel time spent in this place.
 D = Time resting spent in this place.
 E = Time spent auto-exploring this place.
 F = Levels seen in this place.
 G = Mean time per level.
                   A        B        C        D        E       F      G
               +--------+--------+--------+--------+--------+-----+--------+
         Total |   2447 |   2375 |     72 |    190 |   1761 |   4 |  611.8 |
       Dungeon |   2447 |   2375 |     72 |    190 |   1761 |   4 |  611.8 |
               +--------+--------+--------+--------+--------+-----+--------+

Top non-repeatable levels by time:
     D:3: 650 daAuts
     D:4: 622 daAuts
     D:1: 590 daAuts
     D:2: 583 daAuts
